 Dungeon Crawl Stone Soup version 0.24-a0-251-g44e327e (webtiles) character file.

Game seed: 5404163595136701741

493 Borgoz the Cutter (level 7, -1/43 HPs)
             Began as a Kobold Gladiator on Apr 16, 2019.
             Was an Initiate of Ashenzari.
             Killed by nerve-wracking pain
             ... invoked by Grinder
              (6 damage)
             ... on level 4 of the Dungeon.
             The game lasted 00:05:19 (3346 turns).

Borgoz the Cutter (Kobold Gladiator)                Turns: 3346, Time: 00:05:20

Health: -1/43      AC:  5    Str: 12 (13) XL:     7   Next: 37%
Magic:  0/7        EV: 17    Int:  8 (9)  God:    Ashenzari [......]
Gold:   178        SH:  0    Dex: 16 (19) Spells: 6/6 levels left

rFire    + . .     SeeInvis .   a - +0 rapier
rCold    . . .     Gourm    .   (shield restricted)
rNeg     . . .     Faith    .   e - +0 leather armour {rF+}
rPois    .         Spirit   +   c - +0 helmet
rElec    .         Reflect  .   q - scarf {Spirit}
rCorr    .         Harm     .   (no gloves)
MR       .....                  l - +0 pair of boots
Stlth    +++.......             (no amulet)
HPRegen  0.14/turn              m - +2 ring of dexterity
MPRegen  0.10/turn              (no ring)

@: hasted, very quick
A: small, carnivore
a: Curse Item, Renounce Religion


You were on level 4 of the Dungeon.
You worshipped Ashenzari.
Ashenzari was noncommittal.
You were very full.

You visited 2 branches of the dungeon, and saw 5 of its levels.

You collected 178 gold pieces.

Inventory:

Hand Weapons
 a - a +0 rapier (weapon)
Armour
 c - a +0 helmet (worn)
 e - a +0 leather armour of fire resistance (worn)
 l - a +0 pair of boots (worn)
 q - a scarf of spirit shield (worn)
Jewellery
 k - an uncursed ring of wizardry
 m - a +2 ring of dexterity (left hand)
Scrolls
 g - 2 scrolls of teleportation {unknown}
 h - 7 scrolls of identify {unknown}
 i - a scroll of enchant weapon {unknown}
 n - 2 scrolls of remove curse
Potions
 b - a potion of haste
Comestibles
 f - 7 rations


   Skills:
 + Level 4.1 Fighting
 + Level 5.9 Short Blades
 - Level 2.1 Throwing
 + Level 2.3 Armour
 + Level 5.2 Dodging
 + Level 4.4 Stealth


You had 6 spell levels left.
You didn't know any spells.
Your spell library was empty.

Dungeon Overview and Level Annotations

Branches:
Dungeon (4/15)             Temple (1/1) D:4

Altars:
Ashenzari
Cheibriados
Dithmenos
Fedhas
Gozag
Hepliaklqana
Nemelex Xobeh
Qazlal
Ru
Wu Jian
Xom
Yredelemnul
Zin
The Shining One

Annotations:
D:4 Dowan, Duvessa, Grinder


Innate Abilities, Weirdness & Mutations

You are small and have problems with some larger weapons.
You are carnivorous and can eat meat at any time.


Message History

You hit Grinder but do no damage.
Grinder is almost dead.
Grinder barely misses you.
You hit Grinder.
Grinder is almost dead.
You hit Grinder but do no damage.
Grinder is almost dead.
Grinder gestures at you. Pain shoots through your body!
* * * LOW HITPOINT WARNING * * *
You closely miss Grinder.
Grinder is almost dead.
Grinder closely misses you.
You barely miss Grinder.
Grinder is almost dead.
You hit Grinder.
Grinder is almost dead.
Grinder gestures at you. Pain shoots through your body!
You die...

..##..# #........#
......# #........## .##
..#.#.# #.......... ...
......###..a..... ....
..#............ ..>..
..#######+##'######.....
..#...#.................
......#.........5.......
###...#.....)...@.......
#..(###'##.........$..
#...#.................
#.......##########....
#..##.......# ...
#...........#########.
#..................#
#####...............#
#...................#


You could see Grinder.

Vanquished Creatures
  2 ogres (D:4)
  A wyvern skeleton (D:3)
  A centaur zombie (D:2)
  A centaur skeleton (D:4)
  An orc priest (D:3)
  A worker ant (D:4)
  3 adders
  2 gnolls
  3 oozes
  3 worms
  2 dart slugs
  A leopard gecko (D:3)
  8 orcs (D:3)
  A ball python (D:1)
  3 giant cockroaches
  5 goblins
  4 hobgoblins
  11 jackals
  A quokka (D:3)
  8 bats
  6 frilled lizards
  A jackal skeleton (D:4)
  6 kobolds
  11 rats
86 creatures vanquished.

Notes
Turn   | Place    | Note
-------+----------+-------------------------------------------
     0 | D:1      | Borgoz the Kobold Gladiator began the quest for the Orb.
     0 | D:1      | Reached XP level 1. HP: 12/12 MP: 1/1
   139 | D:1      | Reached XP level 2. HP: 12/18 MP: 2/2
   149 | D:1      | Reached skill level 1 in Stealth
   399 | D:1      | Reached XP level 3. HP: 22/22 MP: 3/3
  1072 | D:2      | Reached skill level 1 in Armour
  1072 | D:2      | Reached XP level 4. HP: 11/27 MP: 4/4
  1369 | D:2      | Found a hazy altar of Hepliaklqana.
  1467 | D:2      | Reached XP level 5. HP: 28/32 MP: 5/5
  1541 | D:2      | You fall through a shaft!
  1646 | D:3      | Reached skill level 5 in Short Blades
  1879 | D:3      | Reached XP level 6. HP: 10/37 MP: 6/6
  2634 | D:4      | Found a staircase to the Ecumenical Temple.
  2650 | D:4      | Noticed an ogre
  2653 | D:4      | Noticed Grinder
  2658 | D:4      | Killed an ogre
  2658 | D:4      | Reached skill level 5 in Dodging
  2658 | D:4      | Reached XP level 7. HP: 16/42 MP: 1/7
  2660 | D:4      | Noticed Duvessa
  2660 | D:4      | Noticed Dowan
  2667 | Temple   | Entered the Ecumenical Temple
  2854 | Temple   | Became a worshipper of Ashenzari the Shackled
  3310 | D:4      | Paralysed by Grinder for 3 turns
  3321 | D:4      | Paralysed by Grinder for 4 turns
  3332 | D:4      | Paralysed by Grinder for 4 turns
  3335 | D:4      | HP: 1/43 [Grinder (5)]
  3346 | D:4      | Killed from afar by Grinder

Levels and vault maps discovered:
D:1:      dpeg_arrival_water_fire, layout_loops_ring
D:2:      layout_rooms, overflow_temple_1_default, first_ration
D:3:      layout_loops_cross, hangedman_decor_opposing, wad_rectangle_vault
D:4:      layout_basic, minmay_temple_entry_gardened_gates,
          kennysheep_orc_chapel, uniq_duvessa, uniq_grinder
Temple:   cyrus_circular_temple

Skill      XL: |  1  2  3  4  5  6  7 |
---------------+----------------------+-----
Stealth        | 1 2 3 4 |  4.4
Dodging        | 4 5 |  5.2
Armour         | 1 2 |  2.3
Fighting       | 3 4 |  4.1
Short Blades   | 5 |  5.9
Throwing       | |  2.1

Action                   |  1- 3 |  4- 6 |  7- 9 || total
-------------------------+-------+-------+-------++-------
Melee: Rapier            |   119 |   161 |    45 ||   325
Throw: Throwing net      |     1 |     3 |       ||     4
Evoke: Wand              |       |       |     3 ||     3
  Use: Potion            |       |       |     3 ||     3
 Stab: Held in net/web   |       |     4 |       ||     4
       Sleeping          |       |     7 |       ||     7
  Eat: Chunk             |     9 |     5 |       ||    14
Armor: Leather armour    |    22 |    29 |     3 ||    54
       Skin              |       |       |    10 ||    10
Dodge: Dodged            |   107 |   109 |    17 ||   233

Table legend:
 A = Non-vault XP
 B = Vault XP
 C = Vault XP percentage of total XP
 D = Non-vault monster count
 E = Vault monster count
 F = Vault count percentage of total count
                 A         B        C        D         E       F
            +---------+---------+-------+---------+---------+-------
      Total |     674 |      31 |   4.4 |      80 |       6 |   7.0
            +---------+---------+-------+---------+---------+-------
        D:1 |      52 |       0 |   0.0 |      26 |       0 |   0.0
        D:2 |     103 |       0 |   0.0 |      20 |       0 |   0.0
        D:3 |     198 |      31 |  13.5 |      29 |       6 |  17.1
        D:4 |     321 |       0 |   0.0 |       5 |       0 |   0.0
            +---------+---------+-------+---------+---------+-------
